Map: Defender's Landing LE

Players

TYTY - Winner!

  • Race: Terran Terran
  • Spawn Location: 1:00

iAsonu

  • Race: Zerg Zerg
  • Spawn Location: 7:00

VOD

Have the link to the VOD?

Description

Time

  • Played on: July 28, 2017, 9:17 p.m.
  • Length: 12:43
Show
View Real Time Build Order
Export as new Build Order

TYTY Terran - Winner!

Build Orders: Reaper Expand, Bio Tank 

Get SALT Encoding   

  12  0:00  SCV  
  13  0:12  SCV  
  14  0:17  Supply Depot  
  14  0:25  SCV  
  15  0:38  SCV  
  15  0:39  Barracks  
  16  0:43  Refinery  
  16  0:51  SCV  
  17  1:03  SCV  
  18  1:15  SCV  
  19  1:26  Reaper  
  19  1:27  Orbital Command  
  20  1:41  Command Center  
  20  1:49  Supply Depot  
  20  1:53  SCV  
  21  1:58  Marine  
  22  2:05  Factory  
  22  2:09  SCV  
  22  2:12  Refinery  
  23  2:22  Barracks Reactor, SCV  
  24  2:34  SCV  
  25  2:46  SCV  
  26  2:53  Starport  
  26  2:54  Orbital Command  
  26  2:58  Marine x2, SCV  
  28  2:59  Widow Mine  
  31  3:10  SCV  
  32  3:15  Marine  
  32  3:16  Marine  
  34  3:20  SCV  
  34  3:22  SCV  
  36  3:30  Medivac  
  36  3:32  SCV  
  39  3:34  SCV  
  39  3:36  Supply Depot  
  39  3:37  Hellion x2  
  44  3:42  Barracks Tech Lab  
  44  3:44  SCV  
  44  3:46  SCV  
  44  3:47  Supply Depot  
  45  3:57  SCV  
  45  3:58  Hellion  
  45  3:59  Hellion, SCV  
  51  4:11  SCV, Command Center  
  51  4:16  SCV  
  53  4:18  Starport Tech Lab  
  53  4:25  SCV  
  53  4:26  Marine x2  
  53  4:29  Siege Tank  
  53  4:30  SCV  
  60  4:34  Supply Depot  
  60  4:38  Liberator, SCV  
  61  4:42  SCV  
  62  4:50  Marine, SCV  
  62  4:55  Marine  
  62  4:57  Supply Depot  
  66  5:03  Siege Tank  
  67  5:08  SCV  
  70  5:15  SCV, Engineering Bay x2  
  70  5:18  Supply Depot  
  70  5:20  SCV  
  70  5:23  Orbital Command  
  70  5:26  Marine  
  70  5:28  Stimpack, SCV  
  71  5:32  SCV  
  70  5:40  SCV  
  74  5:44  SCV  
  74  5:45  Refinery  
  74  5:46  Terran Infantry Armor Level 1, Refinery, Terran Infantry Weapons Level 1  
  74  5:47  Barracks  
  72  5:51  Barracks  
  72  5:52  SCV x2  
  72  5:54  Marine  
  75  5:57  Siege Tank  
  75  6:02  SCV  
  79  6:04  SCV  
  79  6:06  Starport Reactor  
  80  6:12  Marine, SCV  
  80  6:13  Supply Depot  
  80  6:14  SCV  
  80  6:16  SCV  
  84  6:19  Barracks x2  
  84  6:24  SCV  
  85  6:26  SCV  
  85  6:29  Siege Tank, Marine  
  91  6:36  Orbital Command, Missile Turret  
  90  6:40  Marine x2  
  90  6:45  SCV  
  90  6:46  SCV  
  91  6:49  Starport Reactor  
  91  6:50  Marine x2  
  91  6:51  Marine  
  91  6:53  Supply Depot  
  93  6:57  Marine  
  93  6:58  Marine, SCV  
  93  6:59  SCV  
  97  7:01  SCV  
  97  7:05  Siege Tank  
  101  7:08  Marine x2  
  101  7:10  Barracks Reactor, SCV  
  101  7:11  Barracks Reactor  
  101  7:12  Armory, Supply Depot  
  101  7:15  Marine x3  
  106  7:25  SCV  
  106  7:27  Medivac x2, Sensor Tower, Supply Depot  
  106  7:28  Supply Depot  
  106  7:29  Missile Turret  
  109  7:32  SCV x2  
  109  7:33  Marine x3  
  100  7:45  Marine x2  
  100  7:46  Armory  
  100  7:49  SCV x2  
  100  7:51  Marine x5  
  106  7:57  Marine x2  
  109  8:01  Medivac x2  
  109  8:03  Marine x2  
  107  8:08  Marine x2  
  106  8:17  Marine x3  
  106  8:18  Marine x2  
  104  8:21  SCV, Marine  
  104  8:24  SCV x2  
  100  8:28  Siege Tank  
  100  8:29  Marine  
  100  8:30  Marine x2  
  104  8:35  Marine  
  104  8:39  Marine x2  
  104  8:40  Terran Infantry Weapons Level 2  
  108  8:49  Marine x2, Combat Shields  
  108  8:50  Marine x2, Missile Turret  
  108  8:52  Marine x2  
  108  8:54  Marine  
  114  8:57  Marine  
  114  8:58  Marine  
  113  9:03  Siege Tank  
  113  9:06  Marine  
  113  9:07  Marine  
  113  9:08  Marine x2  
  120  9:11  Marine  
  120  9:12  Marine  
  120  9:13  SCV x2  
  122  9:17  Liberator x2  
  122  9:21  Marine x2  
  107  9:25  Marine x3  
  107  9:30  Marine x3  
  107  9:33  Marine  
  107  9:35  Siege Tank  
  116  9:39  Marine x2  
  116  9:43  Marine x3, Supply Depot  
  121  9:48  Marine x2  
  121  9:52  Marine  
  123  9:56  Command Center  
  123  9:57  Marauder  
  123  9:59  Marine x2  
  126  10:00  Marine x2  
  126  10:01  Marine  
  126  10:05  Missile Turret  
  130  10:09  Unknown  
  130  10:11  Marine x3  
  131  10:17  Marine x2  
  131  10:19  Medivac x2  
  137  10:22  Marine x4  
  141  10:28  Marine  
  141  10:29  Marine  
  141  10:34  Siege Tank, Engineering Bay  
  145  10:38  Marine x3  
  145  10:39  Marine  
  149  10:47  Marine, Supply Depot  
  149  10:48  Supply Depot  
  148  10:50  Medivac x2  
  146  11:01  Supply Depot  
  146  11:02  Supply Depot  
  146  11:03  Marine x2  
  146  11:05  Supply Depot  
  146  11:06  Supply Depot  
  146  11:16  Siege Tank  
  149  11:20  Marine x5  
  149  11:21  Marauder  
  143  11:32  SCV x3  
  146  11:37  Marine x4  
  150  11:43  Marauder  
  150  11:54  Marine x3  
  138  11:59  Siege Tank  
  142  12:02  Factory, Marine x3  
  142  12:04  Marauder, Marine x2  
  148  12:11  Marine x2  
  148  12:12  Marine  
  148  12:13  SCV  
  152  12:16  Refinery  
  152  12:20  Marine x3, Refinery  
  152  12:21  Marine  
  152  12:22  Marine  
  157  12:24  SCV x2  
Show
View Real Time Build Order
Export as new Build Order

iAsonu Zerg 

Build Orders: Pool First, Swarm Host 

Get SALT Encoding   

  12  0:00  Drone  
  13  0:13  Overlord  
  13  0:17  Drone  
  14  0:31  Drone x2  
  14  0:35  Drone  
  17  0:44  Spawning Pool  
  17  0:47  Drone  
  17  1:09  Hatchery  
  17  1:10  Extractor  
  15  1:13  Drone  
  15  1:15  Drone  
  17  1:19  Drone  
  18  1:31  Queen  
  20  1:32  Drone  
  21  1:41  Zergling x2  
  22  1:50  Overlord  
  22  2:08  Queen  
  22  2:09  Drone  
  22  2:12  Drone  
  26  2:21  Queen  
  29  2:22  Drone  
  29  2:23  Drone  
  30  2:32  Overlord  
  30  2:36  Drone  
  31  2:44  Queen  
  30  2:48  Drone x4  
  35  2:53  Drone  
  35  2:55  Drone  
  37  3:07  Overlord  
  37  3:09  Drone  
  38  3:16  Drone  
  38  3:19  Drone x5  
  44  3:28  Lair  
  44  3:32  Roach Warren  
  43  3:36  Evolution Chamber, Drone x2  
  43  3:39  Drone  
  43  3:40  Drone  
  46  3:42  Drone  
  46  3:47  Drone  
  48  3:52  Drone x2  
  48  3:55  Extractor x3  
  48  3:56  Drone x3  
  48  3:58  Drone  
  48  4:02  Zerg Missile Weapons Level 1  
  51  4:03  Drone  
  51  4:09  Overlord  
  52  4:18  Overlord  
  52  4:28  Glial Reconstitution  
  52  4:29  Roach  
  52  4:30  Roach x3  
  58  4:52  Overlord  
  54  4:54  Drone x3  
  54  4:55  Infestation Pit  
  49  5:01  Drone x4  
  49  5:04  Drone  
  49  5:06  Overseer  
  54  5:10  Drone x2  
  54  5:13  Drone x3  
  60  5:21  Drone  
  57  5:33  Drone x3  
  57  5:34  Drone  
  61  5:40  Swarm Host  
  61  5:41  Swarm Host x2  
  69  5:49  Swarm Host x2  
  75  6:07  Zerg Ground Armor Level 1  
  75  6:10  Overlord  
  75  6:11  Hatchery, Overlord  
  74  6:16  Overlord  
  74  6:20  Overlord  
  74  6:25  Overlord  
  74  6:26  Overlord  
  74  6:29  Swarm Host  
  74  6:32  Ravager x3  
  80  6:44  Swarm Host x3  
  89  6:52  Roach x3  
  95  7:00  Roach x3  
  101  7:07  Overlord  
  101  7:09  Overseer  
  101  7:13  Roach x3  
  107  7:17  Overlord  
  107  7:24  Overlord  
  107  7:31  Roach  
  107  7:32  Roach x3  
  115  7:40  Roach x3  
  116  7:50  Ravager x5  
  121  7:52  Overlord  
  121  7:56  Roach x3  
  123  8:07  Roach x4  
  120  8:21  Roach  
  120  8:22  Roach x4  
  116  8:29  Roach x3  
  122  8:37  Roach x3  
  119  8:44  Zerg Missile Weapons Level 2  
  120  8:48  Ravager  
  120  8:56  Ravager  
  121  9:05  Ravager, Overlord  
  121  9:06  Drone  
  121  9:07  Drone  
  120  9:19  Roach x2  
  120  9:20  Roach x5  
  118  9:26  Roach x3  
  116  9:38  Roach x5  
  126  9:44  Ravager  
  127  9:47  Queen, Drone  
  130  10:11  Roach  
  130  10:12  Roach x8  
  139  10:23  Extractor  
  139  10:24  Extractor  
  130  10:53  Drone x3  
  130  10:56  Ravager x4  
  137  10:58  Queen x2  
  137  11:00  Drone  
  137  11:01  Drone x4  
  146  11:09  Overlord  
  146  11:10  Overlord  
  146  11:11  Overlord  
  123  11:40  Roach x7  
  132  11:57  Ravager x3  
  132  11:58  Ravager x3  
  135  12:07  Roach x3  
Tags
 
Add a new tag
Caveats
  • Supply blocks, unpowered buildings, or Contaminate may cause inaccurate times.
  • Supply counts are checked every 10 seconds.